 Dungeon Crawl Stone Soup version 0.23.2-30-g0e89c35649 (webtiles) character file.

Game seed: 14368030912232422951

9 Masnef the Magician (level 2, -1/15 HPs)
             Began as a Deep Elf Wizard on June 24, 2019.
             Slain by a jackal (2 damage)
             ... on level 1 of the Dungeon.
             The game lasted 00:02:49 (1134 turns).

Masnef the Magician (Deep Elf Wizard)               Turns: 1134, Time: 00:02:50

Health: -1/15      AC:  2    Str:  4    XL:     2   Next: 3%
Magic:  1/9        EV: 13    Int: 22    God:
Gold:   47         SH:  0    Dex: 13    Spells: 5/10 levels left

rFire    . . .     SeeInvis .   k - +0 whip (vamp)
rCold    . . .     Gourm    .   (no shield)
rNeg     . . .     Faith    .   j - +0 robe
rPois    .         Spirit   .   b - +0 hat
rElec    .         Reflect  .   (no cloak)
rCorr    .         Harm     .   (no gloves)
MR       .....                  (no boots)
Stlth    ++........             (no amulet)
HPRegen  0.05/turn              (no ring)
MPRegen  0.11/turn              (no ring)

@: no status effects
A: no striking features
a: no special abilities


You were on level 1 of the Dungeon.
You were hungry.

You visited 1 branch of the dungeon, and saw 2 of its levels.

You collected 47 gold pieces.

Inventory:

Hand Weapons
 h - a +0 club
 k - a +0 vampiric whip (weapon)
Armour
 a - a +0 robe
 b - a +0 hat (worn)
 j - a +0 robe (worn)
Scrolls
 c - a scroll of identify
 i - a scroll of fog
Comestibles
 d - 3 rations


   Skills:
 + Level 2.4 Dodging
 - Level 2.4 Stealth
 + Level 4.5 Spellcasting
 * Level 2.1 Conjurations
 - Level 1.1 Summonings
 - Level 1.1 Translocations


You had 5 spell levels left.
You knew the following spells:

 Your Spells              Type           Power        Failure   Level  Hunger
a - Magic Dart            Conj           ##..         4%          1    None
b - Blink                 Tloc           N/A          11%         2    None
c - Call Imp              Summ           #.......     11%         2    None

Your spell library contained the following spells:

 Spells                   Type           Power        Failure   Level  Hunger
 Slow                     Hex            #.......     16%         2    None
 Conjure Flame            Conj/Fire      #.......     21%         3    ##.....
 Mephitic Cloud           Conj/Pois/Air  #.......     24%         3    ##.....


Dungeon Overview and Level Annotations

Branches:
Dungeon (2/15)

Altars:


Message History

Confirm with . or Enter, or press ? or * to list all spells.
You don't have enough magic to cast that spell.
The jackal closely misses you.
Your magical contamination has completely faded away.
The jackal closely misses you. The jackal barely misses you.
You closely miss the jackal. The jackal bites you.
* * * LOW HITPOINT WARNING * * *
You hit the jackal but do no damage. You barely miss the jackal.
The jackal bites you.
* * * LOW HITPOINT WARNING * * *
You barely miss the jackal. The jackal barely misses you.
The jackal misses you.
You hit the jackal but do no damage. The jackal bites you.
* * * LOW HITPOINT WARNING * * *
Casting: Blink (safe; 11% risk of failure)
Confirm with . or Enter, or press ? or * to list all spells.
A shadowy apparition takes form in the air.
The jackal bites you.
You die...

>........#.#..#............# ##
.###..........#.........##.#
......####.##.#.#........#.#
###...........#.###......#.#
............#.#.# #......#.#
##....###.#.###.# #......#.#
#....#.#.#....5# #.####.#.#
#)...#.#.#.###.###......#.######
#....#...#...#.@hh.###.........#
#....#.###.#.#.###.###.........#
#....#.###)#...##..............#
#....#.#......###............>.#
###.#.#.........##......#########
....#.###.......##......#
....#...........##......#
...##...........##......#
....'....######.##......#


You could see 2 jackals and a friendly shadow imp.

Vanquished Creatures
  A dart slug (D:1)
  2 hobgoblins (D:1)
  A bat (D:1)
  2 goblins (D:1)
  A kobold (D:1)
7 creatures vanquished.

Notes
Turn   | Place    | Note
-------+----------+-------------------------------------------
     0 | D:1      | Masnef the Deep Elf Wizard began the quest for the Orb.
     0 | D:1      | Reached XP level 1. HP: 10/10 MP: 7/7
     7 | D:1      | Noticed a lindwurm
     7 | D:1      | Noticed a black mamba
   853 | D:1      | Reached XP level 2. HP: 15/15 MP: 7/9
   857 | D:1      | Learned a level 2 spell: Blink
   860 | D:1      | Learned a level 2 spell: Call Imp
  1134 | D:1      | Slain by a jackal

Skill      XL: |  1 |
---------------+----+-----
Conjurations   | 2 |  2.1
Dodging        | |  2.4
Stealth        | |  2.4
Spellcasting   | |  4.5
Summonings     | |  1.1
Translocations | |  1.1

Action                   || total
-------------------------++-------
Melee: Whip              ||    21
       Club              ||     5
 Cast: Magic Dart        ||    20
       Blink             ||     4
       Call Imp          ||     1
  Use: Scroll            ||     3
       Potion            ||     1
  Eat: Ration            ||     1
       Chunk             ||     1
Armor: Robe              ||     8
Dodge: Dodged            ||    67
